 Dungeon Crawl Stone Soup version 0.29.1-12-g30fa7ad0bf (webtiles) character file.

Game seed: 15258147058170505009

672 hawla the Chiller (level 8, -1/85 HPs)
             Began as a Meteoran Ice Elementalist on Dec 30, 2022.
             Was an Initiate of Vehumet.
             Slain by Pikel
             ... wielding a +1 whip of flaming
              (4 damage)
             ... on level 8 of the Dungeon.
             The game lasted 00:07:46 (1562 turns).

hawla the Chiller (Meteoran Ice Elementalist)       Turns: 1562, Time: 00:07:47

Health: -1/85      AC:  2    Str: 10    XL:     8   Next: 13%
Magic:  9/14       EV: 12    Int: 19    God:    Vehumet [......]
Gold:   162        SH:  0    Dex: 14    Spells: 1/14 levels left

rFire   . . .      SeeInvis .   (no weapon)
rCold   . . .      Faith    .   (no shield)
rNeg    . . .      Spirit   .   a - +0 robe
rPois   .          Reflect  .   (no helmet)
rElec   .          Harm     .   (no cloak)
rCorr   .          Rampage  .   (no gloves)
Will    +....                   (no boots)
Stlth   ..........              (no amulet)
HPRegen 0.24/turn               (no ring)
MPRegen 0.14/turn               (no ring)

@: berserking, freezing walls, glowing, very quick
A: sense surroundings 1, otherworldly, glowing, explore regen
a: Renounce Religion


You were on level 8 of the Dungeon.
You worshipped Vehumet.
Vehumet was noncommittal.
You visited 2 branches of the dungeon, and saw 9 of its levels.

You collected 162 gold pieces.

Inventory:

Armour
 a - a +0 robe (worn)
 c - a +1 pair of gloves
Wands
 j - a wand of mindburst (9) (quivered)
 o - a wand of paralysis (1)
 q - a wand of flame (10)
Scrolls
 g - a scroll of teleportation
 i - a scroll of fear
 k - a scroll of enchant weapon
Potions
 b - a potion of magic
 d - 2 potions of heal wounds {unknown}
 e - 2 potions of flight {unknown}
 m - a potion of haste {unknown}


   Skills:
 - Level 0.1 Fighting
 - Level 2.6 Dodging
 - Level 1.4 Stealth
 - Level 3.8 Spellcasting
 - Level 6.5 Conjurations
 - Level 6.8 Ice Magic
 - Level 2.0 Evocations


You had one spell level left.
You knew the following spells:

 Your Spells              Type           Power      Damage    Failure   Level
a - Freeze                Ice            100%       1d11      1%          1
b - Frozen Ramparts       Ice            58%        1d9       2%          3
c - Hailstorm             Conj/Ice       29%        3d8       9%          4
d - Irradiate             Conj/Tmut      8%         3d14      71%         5

Your spell library contained the following spells:

 Spells                   Type           Power      Damage    Failure   Level
 Sting                    Tmut/Pois      12%        1d3       14%         1
 Ozocubu's Armour         Ice            29%        N/A       2%          3
 Passwall                 Tmut/Erth      2%         N/A       22%         2
 Ignite Poison            Fire/Tmut/Pois 3%         N/A       38%         3
 Eringya's Noxious Bog    Tmut/Pois      1%         N/A       100%        6


Dungeon Overview and Level Annotations

Branches:
Dungeon (8/15) Zot: 3269   Temple (1/1) D:4 Zot: 565
   Lair: D:8-11

Altars:
Cheibriados
Dithmenos
Elyvilon
Hepliaklqana
Kikubaaqudgha
Ru
Sif Muna
Vehumet
Xom
Yredelemnul
Zin
The Shining One

Annotations:
D:7 1 runed translucent door, SirLogeyBear's ghost, novice HOBe
D:8 Pikel
Temple 2 transporters


Innate Abilities, Weirdness & Mutations

You passively map a small area around you.
You are easily found by Zot.
You glow in the dark.
You regain HP and MP as you explore.


Message History

You freeze Pikel.
Pikel is moderately wounded.
The wall freezes Pikel but does no damage.
Pikel hits you with a +1 whip of flaming!
Pikel burns you.
Casting: Freeze (safe; 1% risk of failure)
Confirm with . or Enter, or press ? or * to list all spells.
Aiming: Freeze (safe; 1% risk of failure)
Press: ? - help, Shift-Dir - straight line, f/p - Pikel
Aim: Pikel, wielding a +1 whip of flaming and wearing a +0 robe (moderately wounded)
You freeze Pikel.
Pikel is heavily wounded.
The wall freezes Pikel but does no damage.
Pikel hits you with a +1 whip of flaming!
Pikel burns you.
The wall freezes the lemure.
A red film seems to cover your vision as you go berserk!
You feel yourself moving faster!
You feel mighty!
The wall freezes Pikel.
Pikel hits you with a +1 whip of flaming!
* * * LOW HITPOINT WARNING * * *
Pikel burns you.
* * * LOW HITPOINT WARNING * * *
The wall freezes the lemure.
You closely miss Pikel.
Pikel is heavily wounded.
Unknown command.
You closely miss Pikel.
Pikel is heavily wounded.
The wall freezes Pikel but does no damage.
Pikel hits you with a +1 whip of flaming!
* * * LOW HITPOINT WARNING * * *
Pikel burns you.
* * * LOW HITPOINT WARNING * * *
The wall freezes the lemure. x2
You punch Pikel!
Pikel is almost dead.
The wall freezes Pikel.
Pikel hits you with a +1 whip of flaming!
* * * LOW HITPOINT WARNING * * *
Pikel burns you.
You die...

*,,,,,,*
*,****,* *,*
*,* *,****,*
*,,,,*,*
**********,*,**
*,,,,,,,,,,,,,*
*,###****#.#***
*,#@# #?# *,#K#
#.# *,#5# #.#
*,#5# #5# *,#5#
#.# *,#.# #.#
*,#.# #.#
*,#.######.#
*,#.....5..#


You could see Pikel and 3 lemures.

Vanquished Creatures
  A water moccasin (D:7)
  A sky beast (D:7)
  A black bear (D:4)
  A lemure (D:8)
  A bullfrog (D:7)
  A necrophage (D:7)
  A howler monkey (D:7)
  3 jellies
  2 iguanas
  Natasha (D:3)
  An orc wizard (D:6)
  2 adders
  4 orcs
  3 ball pythons
  An endoplasm (D:2)
  A giant cockroach (D:2)
  A hobgoblin (D:2)
  A kobold (D:2)
  A rat (D:1)
28 creatures vanquished.

Vanquished Creatures (others)
  A plant (D:2)
1 creature vanquished.

Grand Total: 29 creatures vanquished

Notes
Turn   | Place    | Note
-------+----------+-------------------------------------------
     0 | D:1      | hawla the Meteoran Ice Elementalist began the quest for the
                  | Orb.
     0 | D:1      | Reached XP level 1. HP: 14/14 MP: 5/5
    94 | D:2      | Reached XP level 2. HP: 20/20 MP: 3/6
   110 | D:2      | Reached skill level 5 in Ice Magic
   128 | D:2      | Reached XP level 3. HP: 26/26 MP: 5/8
   167 | D:3      | Noticed Natasha
   170 | D:3      | Killed Natasha
   171 | D:3      | Reached XP level 4. HP: 24/33 MP: 5/9
   175 | D:3      | Learned a level 3 spell: Frozen Ramparts
   211 | D:4      | Noticed a black bear
   214 | D:4      | Killed a black bear
   215 | D:4      | Reached XP level 5. HP: 28/38 MP: 3/11
   220 | D:4      | Learned a level 4 spell: Hailstorm
   246 | D:4      | Found a staircase to the Ecumenical Temple.
   276 | Temple   | Entered the Ecumenical Temple
   276 | Temple   | Found a transporter.
   276 | Temple   | Found a transporter.
   278 | Temple   | Found a transporter.
   278 | Temple   | Found a transporter.
   295 | Temple   | Became a worshipper of Vehumet
   312 | D:4      | Identified a scroll of acquirement
   312 | D:4      | Acquired Jura's Spellbook of Variation
   353 | D:5      | Entered Level 5 of the Dungeon
   401 | D:5      | Reached skill level 1 in Conjurations
   401 | D:5      | Reached XP level 6. HP: 30/45 MP: 5/12
   630 | D:6      | Found a white marble altar of Elyvilon.
   883 | D:7      | Noticed SirLogeyBear's ghost (novice HOBe)
   886 | D:7      | Found a runed translucent door.
  1026 | D:7      | Noticed a sky beast
  1041 | D:7      | Killed a sky beast
  1042 | D:7      | Reached skill level 5 in Conjurations
  1042 | D:7      | Reached XP level 7. HP: 43/50 MP: 0/13
  1051 | D:7      | Found a hazy altar of Hepliaklqana.
  1151 | D:7      | Noticed a water moccasin
  1155 | D:7      | Killed a water moccasin
  1294 | D:7      | Reached XP level 8. HP: 7/57 MP: 1/14
  1444 | D:8      | Noticed Pikel
  1453 | D:7      | Learned a level 5 spell: Irradiate
  1562 | D:8      | HP: 3/85 [Pikel/+1 whip of flaming (7)]
  1562 | D:8      | Slain by Pikel

Illustrated notes

Levels and vault maps discovered:
D:1:      co_arrival_random_square_maze, layout_basic,
          dreamdust_ecumenical_altar_grove
D:2:      layout_rooms, hangedman_abyss_or_decor_lesser_grid,
          nicolae_grassy_gnolls
D:3:      layout_basic, serial_aquarium, aquarium_bridge_straight
          [aquarium_subvault_bridge, aquarium_subvault_wall,
          aquarium_subvault_bridge, aquarium_subvault_window],
          aquarium_bridge_square [aquarium_subvault_window,
          aquarium_subvault_bridge, aquarium_subvault_bridge,
          aquarium_subvault_window], aquarium_window_corner,
          aquarium_window_corner, aquarium_window_corridor_1,
          aquarium_window_corner, aquarium_view_2a, aquarium_view_2a,
          reono_crystal_passage, uniq_natasha
D:4:      layout_basic, temple_pool_b, hangedman_decor_peaks_small,
          chequers_hall_statues_wall_a, uniq_blork_the_orc, uniq_edmund
D:5:      layout_basic
D:6:      layout_layer_cave, mainiacjoe_overflow_alcove_1,
          mainiacjoe_overflow_paths, grunt_potential
D:7:      layout_loops_ring, nicolae_hepliaklqana_hazy_memory,
          hellmonk_ghost_happy_afterlife, amcnicky_mini_pool_small,
          minmay_crystal_water
D:8:      layout_basic, mainiacjoe_overflow_brackets,
          chequers_serial_rivers_room_a, dreamdust_princess_bridge, uniq_joseph,
          uniq_psyche, uniq_pikel
Temple:   hellmonk_temple_divided_pantheon

Skill      XL: |  1  2  3  4  5  6  7 |
---------------+----------------------+-----
Ice Magic      | 5 6 |  6.8
Spellcasting   | 3 |  3.8
Conjurations   | 1 5 6 |  6.5
Evocations     | 2 |  2.0
Fighting       | |  0.1
Dodging        | |  2.6
Stealth        | |  1.4

Action                   |  1- 3 |  4- 6 |  7- 9 || total
-------------------------+-------+-------+-------++-------
Melee: Unarmed           |       |       |     3 ||     3
 Cast: Freeze            |    13 |    20 |    24 ||    57
       Frozen Ramparts   |       |     8 |     7 ||    15
       Hailstorm         |       |     1 |     2 ||     3
  Use: Scroll            |     1 |     2 |     5 ||     8
       Potion            |       |       |     1 ||     1
Armor: Robe              |     1 |     2 |     2 ||     5
Dodge: Dodged            |     7 |    10 |    15 ||    32
